[Event "*** SCC Grand Prix: Titled Tuesday Blitz"]
[Site "Chess.com"]
[Date "2020.09.08"]
[Round "4"]
[White "KiranManisha"]
[Black "RestartingChess"]
[Result "1-0"]
[WhiteElo "2274"]
[BlackElo "2422"]
[TimeControl "180+1"]
[EndTime "10:40:01 PDT"]
[Termination "KiranManisha won by checkmate"]

1. e4 Nf6 2. e5 Nd5 3. d4 d6 4.
c4 Nb6 5. exd6 exd6 6. Nc3 Be7 7.
Nf3 O-O 8. Be2 Bf5 9. O-O Bf6 10. h3 Nc6 11. b3 Re8 12. Be3 d5 13. c5 Nc8 14. Rc1 a6 15. Qd2 N8e7 16. g4 Be4 17. g5 Nf5 18. gxf6 Qxf6 19. Nxe4 dxe4 20. Nh2 Nfxd4 21.
Kh1 Rad8 22. Qb2 Qh4 23. Rg1 f6 24. Rg3 Nf5 25. Rg4 Qxh3 26. Rcg1 Ne5 27. R4g3 Nxg3+ 28.
Rxg3 Qh4 29. Qc2 Rd7 30. Kg2 f5 31. Bg5 Qxg3+ 32. Kxg3 h6 33. Bf4 Nd3 34. Bh5 g6 35.
Qc4+ Kh7 36. Be2 g5 37. Be3 f4+ 38. Kg2 fxe3 39. fxe3 Rf8 40. Qxe4+ Kg7 41. Bxd3 Rfd8 42. Qh7+ Kf6 43. Qg6+ Ke7 44. Bf5 Rd2+ 45. Kg3 h5 46. Qg7+ Ke8 47. Bg6# 1-0

[Event "*** SCC Grand Prix: Titled Tuesday Blitz"]
[Site "Chess.com"]
[Date "2020.09.08"]
[Round "4"]
[White "Oleksandr_Bortnyk"]
[Black "kuban1991"]
[Result "1-0"]
[WhiteElo "2938"]
[BlackElo "2745"]
[TimeControl "180+1"]
[EndTime "10:40:02 PDT"]
[Termination "Oleksandr_Bortnyk won on time"]

1. d4 g6 2. Nc3 Bg7 3. Bf4 d5 4. e3 Nf6 5. h4 h6 6. Be2 c6 7. g4 Nbd7 8. a4 a5 9. Nh3 Qb6 10. Ra3 Ne4 11. Rb3 Qd8 12. Nxe4 dxe4 13. Bg3 e5 14. c3 Qe7 15. Qc2 exd4 16. cxd4 Nf6 17. Be5 O-O 18. g5 hxg5 19. hxg5 Nd5 20. Qxe4 Bf5 21.
Qh4 Bxe5 22. Nf4 Rfd8 23. Nxd5 Rxd5 24. dxe5 Qxe5 25. Qh7+ Kf8 26. Qh8+ Ke7 27. Qxa8 Qe4 28. Rxb7+ Bd7 29. Rxd7+ Rxd7 30. O-O Rd5 31. Qa7+ Kf8 32. f4 c5 33. Kf2 Kg7 34. Qxa5 f6 35. Qc3 Rf5 36. Bd3 1-0

[Event "*** SCC Grand Prix: Titled Tuesday Blitz"]
[Site "Chess.com"]
[Date "2020.09.08"]
[Round "4"]
[White "maximnovik"]
[Black "sergiochess83"]
[Result "0-1"]
[WhiteElo "2516"]
[BlackElo "2837"]
[TimeControl "180+1"]
[EndTime "10:40:02 PDT"]
[Termination "sergiochess83 won on time"]

1. c4 e5 2. g3 Nf6 3. Bg2 c6 4. Nf3 e4 5. Nd4 d5 6. cxd5 Qxd5 7. Nc2 Qh5 8. Nc3 Bh3 9. O-O Ng4 10. f3 Bc5+ 11. e3 Bxg2 12. fxg4 Qh3 13. Rf2 Bf3 14. Rxf3 exf3 15. Qxf3 O-O 16. d4 Be7 17. e4 Nd7 18.
e5 h5 19. gxh5 f6 20. Bf4 fxe5 21. dxe5 Bc5+ 22. Kh1 Nxe5 23. Qg2 Qxg2+ 24. Kxg2 Nd3 25. Rf1 Rae8 26. Rf3 Nxf4+ 27. gxf4 Rf5 28. b4 Bb6 29. a4 Bc7 30. Kg3 Rxh5 31. h4 Rh6 32. Nd4 Rg6+ 33. Kh3 Rf6 34. f5 Be5 35. Nce2 Bxd4 36. Nxd4 Re4 37.
Rd3 Rd6 0-1

[Event "*** SCC Grand Prix: Titled Tuesday Blitz"]
[Site "Chess.com"]
[Date "2020.09.08"]
[Round "4"]
[White "BanjoKazooieN64"]
[Black "peixe64"]
[Result "0-1"]
[WhiteElo "2575"]
[BlackElo "2361"]
[TimeControl "180+1"]
[EndTime "10:40:02 PDT"]
[Termination "peixe64 won by resignation"]

1. e4 e5 2. Nf3 Nc6 3. Bc4 Bc5 4. b4 Bxb4 5. c3 Ba5 6. d4 exd4 7. O-O Nf6 8. e5 d5 9. exf6 dxc4 10. fxg7 Rg8 11.
Re1+ Be6 12. Ng5 Qf6 13. Nxe6 fxe6 14. Qh5+ Kd7 15. Bh6 Rae8 16. Rd1 Kc8 17. cxd4 c3 18. Na3 Bb6 19. Nc2 Nxd4 20. Nxd4 Bxd4 21. Rf1 Rd8 22.
Rac1 Kb8 23. Rc2 Rd5 24. Qh3 Rf5 25. Be3 Qxg7 26. Bxd4 Qxd4 27. Rxc3 Rfg5 28. Rg3 Rxg3 29. hxg3 Qe4 30. Rd1 b6 31. Rd7 Qb1+ 32. Kh2 Qxa2 33.
Qxh7 Rc8 34. g4 Qc4 35. f3 a5 36. Qf7 a4 37. g5 Qh4+ 38. Kg1 Qe1+ 39. Kh2 Qh4+ 40.
Kg1 Qxg5 41. Qxe6 Qc5+ 42. Kh2 a3 43. Rd2 Rh8+ 44. Kg3 Qg5+ 45. Kf2 Qxd2+ 46. Kg3 Qd6+ 47. Qxd6 cxd6 0-1

[Event "*** SCC Grand Prix: Titled Tuesday Blitz"]
[Site "Chess.com"]
[Date "2020.09.08"]
[Round "4"]
[White "Sofiia_Hryzlova"]
[Black "ARMQUEEN"]
[Result "0-1"]
[WhiteElo "2281"]
[BlackElo "2457"]
[TimeControl "180+1"]
[EndTime "10:40:02 PDT"]
[Termination "ARMQUEEN won by checkmate"]

1. c4 c5 2. Nf3 Nc6 3. Nc3 Nf6 4.
e3 g6 5. d4 cxd4 6. exd4 d5 7.
cxd5 Nxd5 8. Qb3 Nxc3 9. Bc4 e6 10. bxc3 Na5 11. Bb5+ Bd7 12. Qb1 Bd6 13. Bh6 Rc8 14.
O-O Rxc3 15. Bxd7+ Qxd7 16. Bd2 Rxf3 17. gxf3 Nc4 18. Bg5 O-O 19. Qd3 Nb6 20. Bf6 Nd5 21.
Be5 Bxe5 22. dxe5 Qe7 23. Qd2 Qh4 24. Kh1 Qh3 25. Qd1 Rc8 26. Rg1 Rc4 27. Rg3 Qh6 28.
Qg1 Qf4 29. Rb1 b6 30. Re1 Qf5 31. Qf1 Rh4 32. Qa6 Qh5 33. Rg2 Nf4 34. Qc8+ Kg7 35. Qd8 Nxg2 36. Qf6+ Kh6 37. Kxg2 Rxh2+ 38. Kf1 Rh4 39. Re3 Qf5 40. Qh8 Qb1+ 41. Kg2 Qh1+ 42. Kg3 Qh2# 0-1

[Event "*** SCC Grand Prix: Titled Tuesday Blitz"]
[Site "Chess.com"]
[Date "2020.09.08"]
[Round "4"]
[White "PawnEatingZombie"]
[Black "markberk"]
[Result "1-0"]
[WhiteElo "2162"]
[BlackElo "2371"]
[TimeControl "180+1"]
[EndTime "10:40:02 PDT"]
[Termination "PawnEatingZombie won by resignation"]

1. d4 Nf6 2. c4 e6 3. Nc3 Bb4 4. Qc2 d5 5. cxd5 exd5 6. Bf4 O-O 7. e3 c5 8. dxc5 Nc6 9. Nf3 d4 10. O-O-O Bxc3 11. bxc3 d3 12. Bxd3 Qa5 13. Bd6 Re8 14. Kb1 Be6 15. Ka1 b6 16. Nd4 Rac8 17. Nb3 Qa3 18.
cxb6 Qa4 19. b7 Rcd8 20. Bg3 Nd5 21. Nd4 Qa3 22. Nxc6 Nxc3 23. Qb2 Qc5 24. Nxd8 Na4 25. b8=Q Nxb2 26. Nxe6 Qe7 27. Qxb2 Qxe6 28. Qb3 Qf6+ 29. Qb2 Qe6 30. Rc1 h6 31. Bc4 Qg4 32. Be5 Qg5 33. Bd4 h5 34. Qb3 Qg6 35. Bxf7+ Qxf7 36. Qxf7+ Kxf7 37. Rc7+ Ke6 38. Rxa7 Kd5 39. Rb7 Rc8 40. Rb2 Rc4 41. a3 Ke6 42. Ra2 Kf5 43. a4 Rc6 44. a5 Ra6 45. Rb1 1-0

[Event "*** SCC Grand Prix: Titled Tuesday Blitz"]
[Site "Chess.com"]
[Date "2020.09.08"]
[Round "4"]
[White "omer1997"]
[Black "Sethu0025"]
[Result "0-1"]
[WhiteElo "2393"]
[BlackElo "2714"]
[TimeControl "180+1"]
[EndTime "10:40:03 PDT"]
[Termination "Sethu0025 won by checkmate"]

1. e4 c5 2. Nf3 d6 3. c3 Nf6 4. Bd3 Nc6 5. Bc2 d5 6. exd5 Nxd5 7. O-O e6 8. d4 cxd4 9. Nxd4 Be7 10.
Nxc6 bxc6 11. Nd2 O-O 12. Nf3 c5 13. Qd3 g6 14. Bh6 Re8 15. Ne5 Bf6 16. Ng4 Bh8 17.
Rad1 Qb6 18. Ba4 Ba6 19. c4 Red8 20. b3 f5 21. Bg5 fxg4 22. Bxd8 Rxd8 23. Qe4 Bd4 24.
cxd5 Bxf1 25. Bc6 Bb5 26. Bxb5 Qxb5 27. Rxd4 Qd7 28. Rd1 exd5 29. Qe5 Qd6 30. Qg5 Qd7 31. g3 Kf7 32. Re1 Re8 33. Rxe8 Kxe8 34. Qe5+ Kf7 35.
Qh8 Ke6 36. Qg8+ Kd6 37. Qf8+ Kc6 38. Qa8+ Kb6 39. Qb8+ Ka6 40. Kg2 d4 41. Qf8 Qc6+ 42. Kf1 d3 43. Qf4 Qh1# 0-1

[Event "*** SCC Grand Prix: Titled Tuesday Blitz"]
[Site "Chess.com"]
[Date "2020.09.08"]
[Round "4"]
[White "Dr-Bassem"]
[Black "ASVZ"]
[Result "1-0"]
[WhiteElo "2769"]
[BlackElo "2515"]
[TimeControl "180+1"]
[EndTime "10:40:03 PDT"]
[Termination "Dr-Bassem won by resignation"]

1. e4 e6 2. d3 d5 3. Nd2 Nf6 4. Ngf3 Nc6 5. c3 a5 6. e5 Nd7 7. d4 f6 8. Bb5 Na7 9. Bd3 c5 10. O-O Nc6 11. Re1 fxe5 12. Nxe5 Ndxe5 13. dxe5 g6 14. Qg4 Bg7 15. Nf3 Qe7 16. h4 Bd7 17. h5 gxh5 18. Qxh5+ Qf7 19. Qh4 h6 20. Be3 c4 21. Bc2 Ne7 22. Bc5 Rg8 23. Nd4 Bf8 24.
Re3 O-O-O 25. Bd6 Ng6 26. Bxg6 Qxg6 27. Rg3 Qh7 28. Rxg8 Qxg8 29. Bxf8 Rxf8 30. Re1 Qg7 31. Re3 Qh7 32. Re2 Rg8 33. Kh2 Rg5 34. g3 Qg7 35. Qf4 Kc7 36. b3 cxb3 37. axb3 b5 38. Qf6 Qxf6 39. exf6 Rf5 40. Nxf5 exf5 41. f7 a4 42.
bxa4 bxa4 43. f8=Q a3 44. Qxa3 1-0

[Event "*** SCC Grand Prix: Titled Tuesday Blitz"]
[Site "Chess.com"]
[Date "2020.09.08"]
[Round "4"]
[White "MattyDPerrine"]
[Black "AliKa2810"]
[Result "1-0"]
[WhiteElo "2357"]
[BlackElo "2571"]
[TimeControl "180+1"]
[EndTime "10:40:03 PDT"]
[Termination "MattyDPerrine won on time"]

1. e4 e6 2. d4 d5 3. Nc3 Bb4 4.
e5 Ne7 5. Qg4 c5 6. a3 Bxc3+ 7.
bxc3 Kf8 8. Qd1 Qc7 9. Nf3 b6 10. h4 Ba6 11. Bxa6 Nxa6 12. h5 h6 13. Rh4 Kg8 14. Rf4 Nc6 15. g4 Qe7 16. a4 Na5 17.
Qd3 cxd4 18. Qxa6 dxc3 19. Ba3 Qd7 20. Qb5 Qb7 21. Nd4 Nc4 22. Bb4 Nxe5 23. Bxc3 Qc7 24. Ne2 Kh7 25. Rd1 Nc4 26. Rf3 Qh2 27. Ng3 f6 28.
Qd7 Rad8 29. Qxa7 e5 30. Ke2 Rhf8 31. Nf5 Rg8 32. Ng3 Rgf8 33. Rf5 d4 34. Rh1 Qg2 35.
Qa6 Ra8 36. Qxc4 dxc3 37. Qd3 Kh8 38. Qf3 1-0

[Event "*** SCC Grand Prix: Titled Tuesday Blitz"]
[Site "Chess.com"]
[Date "2020.09.08"]
[Round "4"]
[White "Keithonsky"]
[Black "LiemLe"]
[Result "0-1"]
[WhiteElo "2557"]
[BlackElo "2972"]
[TimeControl "180+1"]
[EndTime "10:40:04 PDT"]
[Termination "LiemLe won on time"]

1. d4 Nf6 2. c4 e6 3. Nf3 d5 4. g3 dxc4 5. Bg2 a6 6. O-O Nc6 7. e3 Rb8 8. Qe2 b5 9. Rd1 Bb7 10. e4 Be7 11. a4 O-O 12. Nc3 b4 13. e5 Nd5 14. Ne4 Na5 15. Bg5 h6 16. Bxe7 Qxe7 17. Nc5 c3 18. Ne1 Rfd8 19. Ned3 cxb2 20. Qxb2 Nc3 21.
Rdc1 Bxg2 22. Kxg2 Rxd4 23. Rxc3 Nc4 24. Qb1 Nd2 25. Qb2 Nc4 26. Qb1 Qd8 27. Rc2 Na3 28.
Qb3 Nxc2 29. Qxc2 b3 30. Qc3 Qd5+ 31. Kg1 Rc4 32. Qa5 b2 33. Rb1 Rc2 34. Qxc7 Rb3 35. Qc8+ Kh7 36. Qxa6 Rbc3 37. Rxb2 Rxb2 38. Nxb2 Rc1+ 0-1

[Event "*** SCC Grand Prix: Titled Tuesday Blitz"]
[Site "Chess.com"]
[Date "2020.09.08"]
[Round "4"]
[White "Roaccutane"]
[Black "Xeniya2005"]
[Result "0-1"]
[WhiteElo "2605"]
[BlackElo "2411"]
[TimeControl "180+1"]
[EndTime "10:40:05 PDT"]
[Termination "Xeniya2005 won on time"]

1. Nf3 d5 2. c4 d4 3. g3 c5 4. Bg2 Nc6 5. O-O g6 6. d3 Bg7 7. e3 Nf6 8. exd4 cxd4 9. b4 Nxb4 10. Qa4+ Nc6 11. Ne5 Bd7 12. Nxd7 Qxd7 13. Re1 O-O 14. Nd2 Rfe8 15. Rb1 Rac8 16. Nb3 b6 17. c5 Nd5 18. Bd2 Nc3 19. Bxc3 dxc3 20. d4 e6 21. Rbc1 Red8 22. Rxc3 Nxd4 23. c6 Qd6 24. Nxd4 Bxd4 25. Rc4 Rc7 26.
Qc2 b5 27. Rxd4 Qxd4 28. h4 Rd6 29. Qe2 a6 30. h5 Kg7 31. hxg6 hxg6 32. Rc1 f6 33. Bf3 e5 34. Kg2 Qd2 35. Qf1 Qb4 36. Qh1 f5 37. Qh3 e4 38. Be2 Rdxc6 39. Rh1 Rc8 40.
Qh7+ Kf6 41. Qa7 Qe7 42. Qd4+ Qe5 43. Qd7 R6c7 44. Qd2 e3 45. fxe3 Rc2 46. Qd3 Qe4+ 47. Qxe4 fxe4 0-1

[Event "*** SCC Grand Prix: Titled Tuesday Blitz"]
[Site "Chess.com"]
[Date "2020.09.08"]
[Round "4"]
[White "SARGISMV"]
[Black "platy3"]
[Result "0-1"]
[WhiteElo "2501"]
[BlackElo "2820"]
[TimeControl "180+1"]
[EndTime "10:40:07 PDT"]
[Termination "platy3 won on time"]

1. d4 Nf6 2. Nf3 d5 3. c4 e6 4. Nc3 dxc4 5. e3 a6 6. Bxc4 b5 7. Bd3 Bb7 8. O-O Nbd7 9. Qe2 c5 10. Rd1 Be7 11. dxc5 Bxc5 12. a3 O-O 13. b4 Be7 14.
Bb2 Qb6 15. Rac1 Rac8 16. h3 h6 17. Bb1 Rfd8 18. Nd4 Ne5 19. Rc2 Nc4 20. Bc1 Qa7 21. Ba2 Qa8 22. Qf1 Rd7 23. Nde2 Rdc7 24. Bb3 Ne8 25. Nf4 Nxa3 26. Bxa3 Rxc3 27. Rxc3 Rxc3 28. Rd3 Qc8 29. Bb2 Rxd3 30. Qxd3 Bxb4 31. Bc2 Nf6 32. Bxf6 gxf6 33. Qh7+ Kf8 34. Qxh6+ Ke7 35. Bd3 Bd6 36.
Nh5 Qc1+ 37. Bf1 Qa1 38. Qh8 Bd5 39. Ng7 Bc6 0-1

[Event "*** SCC Grand Prix: Titled Tuesday Blitz"]
[Site "Chess.com"]
[Date "2020.09.08"]
[Round "4"]
[White "WiktoriaPOL"]
[Black "ChessFunMaker"]
[Result "1-0"]
[WhiteElo "1969"]
[BlackElo "2227"]
[TimeControl "180+1"]
[EndTime "10:40:07 PDT"]
[Termination "WiktoriaPOL won by checkmate"]

1. c4 Nf6 2. Nc3 g6 3. g3 Bg7 4.
Bg2 O-O 5. e4 d6 6. Nge2 c5 7.
O-O Nc6 8. d3 a6 9. f4 Rb8 10. a4 Ne8 11. f5 e6 12. g4 Nd4 13.
Nxd4 cxd4 14. Ne2 b5 15. axb5 axb5 16. b3 bxc4 17. bxc4 exf5 18. exf5 Bb7 19. Qe1 Bxg2 20. Kxg2 d5 21. c5 Nf6 22. h3 Nd7 23. Ba3 Re8 24. Qf2 Ne5 25. f6 Nxd3 26. Qf3 Ne5 27. Qf4 Nd7 28. Nxd4 Bxf6 29. Nc6 Re2+ 30. Kg1 Qe8 31.
Nxb8 Bxa1 32. Nxd7 Qxd7 33. Rxa1 Qa7 34. Qf6 Re6 35. Qd8+ Kg7 36. Bb2+ Kh6 37. Rxa7 Re1+ 38. Kf2 Re6 39. Qh4# 1-0

[Event "*** SCC Grand Prix: Titled Tuesday Blitz"]
[Site "Chess.com"]
[Date "2020.09.08"]
[Round "4"]
[White "francyIM"]
[Black "LyonBeast"]
[Result "0-1"]
[WhiteElo "2708"]
[BlackElo "3019"]
[TimeControl "180+1"]
[EndTime "10:40:09 PDT"]
[Termination "LyonBeast won by resignation"]

1. d4 d6 2. Nf3 Nf6 3. c4 g6 4. g3 Bg7 5. Bg2 O-O 6. O-O Bf5 7. Nc3 Ne4 8. Qb3 Nxc3 9. bxc3 Be4 10. Ne1 Bxg2 11. Nxg2 Qc8 12. Rb1 b6 13.
Nf4 Re8 14. c5 dxc5 15. dxc5 Nd7 16. Ba3 c6 17. Rfd1 b5 18. c4 a6 19. Qc2 Ne5 20. cxb5 axb5 21. Bb4 Nc4 22. Rb3 e5 23. Ng2 Bh6 24.
Rbd3 Qf5 25. Qb3 e4 26. Rd7 Ne5 27. R7d6 Bf8 28. Ne3 Qh5 29. R6d4 Qxe2 30. Kg2 Rxa2 31. R1d2 Rxd2 32. Rxd2 Qf3+ 33. Kg1 Nd3 34. Ba3 Bh6 35.
Qd1 Bxe3 36. Qxf3 exf3 37. Rxd3 Bxc5 38. Rxf3 Bxa3 39. Rxa3 b4 40. Ra6 Rb8 41. Rxc6 b3 42. Rc1 b2 43. Rb1 Kg7 44. Kf1 Kf6 45. Ke2 Ke5 46.
Kd3 h5 47. f3 Kd5 48. Kc3 Kc5 49. f4 Kd5 50. Kd3 f5 51. h4 Rb3+ 52. Ke2 Ke4 53. Kf2 Kd3 0-1

[Event "*** SCC Grand Prix: Titled Tuesday Blitz"]
[Site "Chess.com"]
[Date "2020.09.08"]
[Round "4"]
[White "FlamingPhoenix123"]
[Black "Quiet_Desperation"]
[Result "1-0"]
[WhiteElo "2564"]
[BlackElo "2007"]
[TimeControl "180+1"]
[EndTime "10:40:10 PDT"]
[Termination "FlamingPhoenix123 won by checkmate"]

1. e4 e6 2. d4 d5 3. Nd2 Nf6 4. e5 Nfd7 5. Bd3 c5 6. c3 Nc6 7. Ngf3 Be7 8. O-O g5 9. dxc5 Nxc5 10. Bb5 h6 11. Nd4 Qc7 12. Bxc6+ bxc6 13. f4 Ba6 14. Rf3 g4 15. Re3 h5 16. b4 Nd7 17.
Qa4 Bb7 18. N2b3 Kf8 19. Na5 c5 20. Nb5 Qc8 21. Nxb7 Qxb7 22. Nd6 Bxd6 23. exd6 d4 24.
cxd4 cxd4 25. Rd3 Rd8 26. Bb2 Qe4 27. Rad1 h4 28. Bxd4 h3 29. Rg3 Rh5 30. Rxg4 Rd5 31. Bg7+ Ke8 32. Rg3 Qe2 33. Rf1 hxg2 34. Rxg2 Qe3+ 35.
Kh1 Qe4 36. Kg1 Qe3+ 37. Kh1 Qe4 38. Qc2 Rd3 39. Qf2 Rc8 40. Qh4 Nf8 41. Qe7# 1-0

[Event "*** SCC Grand Prix: Titled Tuesday Blitz"]
[Site "Chess.com"]
[Date "2020.09.08"]
[Round "4"]
[White "Oneofmyturns"]
[Black "pedromartinez91"]
[Result "0-1"]
[WhiteElo "2643"]
[BlackElo "2484"]
[TimeControl "180+1"]
[EndTime "10:40:11 PDT"]
[Termination "pedromartinez91 won by checkmate"]

1. d4 Nf6 2. c4 Nc6 3. Nf3 e6 4. a3 d5 5. Nc3 Be7 6. Bg5 O-O 7. e3 Na5 8. c5 b6 9. b4 Nc4 10. Bd3 Nb2 11. Qc2 Nxd3+ 12. Qxd3 a5 13. O-O h6 14. Bh4 c6 15. Rfc1 Ba6 16. Qc2 Bc4 17. Ne5 axb4 18.
axb4 Rxa1 19. Rxa1 Qc7 20. Bg3 Qb7 21. Nxc4 dxc4 22.
cxb6 Qxb6 23. Rb1 Nd5 24. Ne4 Qa6 25. Bd6 Re8 26. Bxe7 Rxe7 27. g3 f5 28. Nc5 Qb5 29. Qa2 Kf7 30. Qa3 c3 31. Rc1 Qe2 32. Qb3 Ra7 33. Na4 Qd2 34. Rc2 Qd1+ 35. Kg2 g5 36. Nxc3 Nxc3 37. Qxc3 Ra1 38. Qxc6 Qh1+ 39. Kh3 g4+ 40.
Kh4 Qxh2# 0-1

[Event "*** SCC Grand Prix: Titled Tuesday Blitz"]
[Site "Chess.com"]
[Date "2020.09.08"]
[Round "4"]
[White "korbul"]
[Black "PauloCesarCosta_sad"]
[Result "1-0"]
[WhiteElo "2459"]
[BlackElo "2282"]
[TimeControl "180+1"]
[EndTime "10:40:11 PDT"]
[Termination "korbul won on time"]

1. e4 e6 2. d4 d5 3. Nc3 Nf6 4.
Bg5 Be7 5. e5 Nfd7 6. h4 Bxg5 7.
hxg5 Qxg5 8. Nh3 Qe7 9. Nf4 Nc6 10. a3 Nb6 11. Qg4 g6 12. O-O-O h5 13. Qg3 Bd7 14. Nh3 O-O-O 15. f4 Kb8 16. Be2 Na5 17. Qg5 Nc8 18. Qxe7 Nxe7 19. Ng5 Rdf8 20. Rh3 f6 21. exf6 Rxf6 22. g3 Rff8 23. Bd3 Nac6 24. Ne2 Nf5 25. Bxf5 Rxf5 26. Ng1 Rff8 27. Rh4 Kc8 28. N1f3 Re8 29. c3 a6 30. Rdh1 Rhg8 31. Kd2 Re7 32. b3 Ree8 33. Kd3 Ne7 34. Ne5 Nf5 35. R4h3 Bb5+ 36. Kd2 Bd7 37. g4 hxg4 38. Nxg4 Rgf8 39. Ne5 Nd6 40. Nxg6 Rg8 41. Ne5 Ref8 42. Rh4 Nf5 43. Rh7 Bc6 44. Nxe6 Rf6 45. Rh8 Ng3 46. Rxg8+ 1-0

[Event "*** SCC Grand Prix: Titled Tuesday Blitz"]
[Site "Chess.com"]
[Date "2020.09.08"]
[Round "4"]
[White "SaraciNderim"]
[Black "bratkoo"]
[Result "0-1"]
[WhiteElo "2656"]
[BlackElo "2486"]
[TimeControl "180+1"]
[EndTime "10:40:13 PDT"]
[Termination "bratkoo won by resignation"]

1. d4 e6 2. Nf3 Nf6 3. c4 d5 4.
Bg5 Be7 5. e3 Ne4 6. Bxe7 Qxe7 7.
Nc3 Nxc3 8. bxc3 O-O 9. Bd3 dxc4 10. Bxc4 Nd7 11. O-O e5 12. Re1 c6 13. e4 exd4 14.
cxd4 Nb6 15. Bb3 Bg4 16. h3 Bh5 17. Qd3 Rad8 18. g4 Bg6 19. Qe3 Kh8 20. Ne5 f6 21. Nxg6+ hxg6 22. Kg2 a5 23. a4 Nd7 24. Qg3 g5 25. h4 g6 26. hxg5 fxg5 27. Rh1+ Kg7 28. f3 c5 29. d5 Ne5 30. Bd1 Nd3 31. Be2 Nf4+ 32. Kf2 Nxe2 33. Kxe2 Rxd5 34. Qh3 Kf6 35. Rab1 Rfd8 36. Rbd1 Rxd1 37. Rxd1 Rxd1 38. Kxd1 Qd8+ 39. Ke2 c4 40. Qg3 Qd3+ 41. Ke1 c3 42. Qc7 Qe3+ 43.
Kf1 Qxf3+ 44. Ke1 Qxe4+ 45. Kd1 Qd3+ 46. Ke1 Qd2+ 47. Kf1 Qf4+ 0-1

[Event "*** SCC Grand Prix: Titled Tuesday Blitz"]
[Site "Chess.com"]
[Date "2020.09.08"]
[Round "4"]
[White "AlexandraBotez"]
[Black "Beltraxtor"]
[Result "0-1"]
[WhiteElo "2236"]
[BlackElo "2571"]
[TimeControl "180+1"]
[EndTime "10:40:13 PDT"]
[Termination "Beltraxtor won by resignation"]

1. d4 d5 2. c4 c6 3. cxd5 cxd5 4. Nc3 Nf6 5. Nf3 Nc6 6. Bf4 Bf5 7. a3 a6 8. e3 e6 9. Bd3 Bxd3 10. Qxd3 Bd6 11.
Ne5 Bxe5 12. Bxe5 Nxe5 13. dxe5 Nd7 14. Qd4 Qb6 15. O-O Qxd4 16. exd4 Ke7 17. Rac1 Rhc8 18. Na4 b6 19. f4 Kd8 20. Kf2 Ra7 21. Rxc8+ Kxc8 22. Rc1+ Rc7 23. Rxc7+ Kxc7 24. Ke3 Kc6 25. Nc3 b5 26. g4 Nb6 27. b3 a5 28. Kd3 a4 29.
bxa4 bxa4 30. h3 g6 31. h4 Kb7 32. Nb5 Nc4 33. Kc3 Kc6 34. Kb4 Ne3 35. Nd6 f6 36. Kxa4 Nxg4 37. Kb4 fxe5 38. fxe5 Ne3 39. a4 Nf5 40. a5 Nxd6 41. exd6 Kxd6 42. Kb5 Kc7 43. Kc5 h6 44. a6 g5 45. hxg5 hxg5 46. a7 Kb7 47. Kd6 g4 48. Kxe6 g3 49. Kxd5 g2 50. Kd6 g1=Q 51. d5 Qg7 52. Kc5 Qe5 53. Kc4 Kxa7 54. Kc5 Kb7 0-1

[Event "*** SCC Grand Prix: Titled Tuesday Blitz"]
[Site "Chess.com"]
[Date "2020.09.08"]
[Round "4"]
[White "DishonorOnYourCow"]
[Black "Agibileg"]
[Result "0-1"]
[WhiteElo "2345"]
[BlackElo "2578"]
[TimeControl "180+1"]
[EndTime "10:40:13 PDT"]
[Termination "Agibileg won on time"]

1. d4 Nf6 2. c4 g6 3. Nc3 Bg7 4.
e4 d6 5. f4 O-O 6. Nf3 c5 7. d5 e6 8. dxe6 Bxe6 9. Bd3 Nc6 10. f5 Bd7 11. O-O Ng4 12. Nd5 Nge5 13. Nxe5 Bxe5 14.
f6 Be6 15. Bh6 Re8 16. Bg7 Bxd5 17. exd5 Bd4+ 18. Kh1 Ne5 19. Be2 Nd7 20. Bg4 Nxf6 21. Bxf6 Bxf6 22. Qf3 Kg7 23. Rf2 Rf8 24. Raf1 Bd4 25.
Re2 Qg5 26. Bd7 Rad8 27. Ba4 Be5 28. Ref2 f5 29. Re2 Rf7 30. g3 Qf6 31. Qg2 a6 32. a3 Rdf8 33. Bc2 Qg5 34. Bd1 f4 35. gxf4 Qxg2+ 36. Rxg2 Rxf4 37. Rxf4 Rxf4 38. Rd2 b5 39. cxb5 axb5 40. Kg2 Rh4 41. h3 Re4 42. b3 Re3 43. a4 bxa4 44. bxa4 Rg3+ 45. Kf2 Rxh3 46. Re2 Rh2+ 0-1

[Event "*** SCC Grand Prix: Titled Tuesday Blitz"]
[Site "Chess.com"]
[Date "2020.09.08"]
[Round "4"]
[White "anon102030"]
[Black "Fandorine"]
[Result "0-1"]
[WhiteElo "2724"]
[BlackElo "2910"]
[TimeControl "180+1"]
[EndTime "10:40:14 PDT"]
[Termination "Fandorine won by resignation"]

1. e4 e5 2. Nf3 Nc6 3. Bc4 Bc5 4. c3 Nf6 5. d4 exd4 6. cxd4 Bb4+ 7. Bd2 Nxe4 8. Bxb4 Nxb4 9. Bxf7+ Kxf7 10. Qb3+ Kf8 11. Qxb4+ Qe7 12. Qxe7+ Kxe7 13. Nbd2 Nf6 14. O-O Kd8 15.
Rfe1 Rf8 16. Ne4 d6 17. Nxf6 Rxf6 18. Re3 Re6 19. Rae1 Rxe3 20. Rxe3 Bf5 21. h3 Kd7 22. g4 Be6 23. a3 a5 24. Kh2 Bd5 25. Ne1 Ra6 26.
Re2 Rc6 27. Rd2 b5 28. Nc2 Be4 29. Ne3 Rc1 30. Kg3 b4 31. axb4 axb4 32. Kf4 Bg6 33.
Nd5 b3 34. Ne3 Rc2 35. Nf1 Kc6 36. Ke3 Kd5 37. f4 Rc1 38. Kf2 Bc2 39. Ne3+ Ke4 40.
f5 Bd3 41. g5 Rc2 42. Rxc2 bxc2 43. Nxc2 Bxc2 44. f6 gxf6 45. gxf6 Bb3 46. d5 Bxd5 0-1

[Event "*** SCC Grand Prix: Titled Tuesday Blitz"]
[Site "Chess.com"]
[Date "2020.09.08"]
[Round "4"]
[White "ClydeHillKid"]
[Black "TregubovP"]
[Result "0-1"]
[WhiteElo "2345"]
[BlackElo "2588"]
[TimeControl "180+1"]
[EndTime "10:40:14 PDT"]
[Termination "TregubovP won on time"]

1. e4 e6 2. d3 c5 3. Nf3 Nc6 4. g3 Nge7 5. Bg2 g6 6. O-O Bg7 7. Re1 O-O 8. Be3 d6 9. c3 Rb8 10. d4 cxd4 11. cxd4 d5 12. e5 Nf5 13. Bg5 f6 14.
exf6 Bxf6 15. Bxf6 Qxf6 16. Nc3 Nfxd4 17. Re3 Bd7 18. Rd3 Nxf3+ 19. Rxf3 Qd4 20. Rxf8+ Rxf8 21. Qe2 Qe5 22. Qd2 Kg7 23. Re1 Qd4 24. Qe2 Qf6 25.
Qd2 Ne5 26. f4 Nc4 27. Qf2 Bc6 28. Re2 a6 29. Qe1 Re8 30. b3 Nd6 31. Re5 Nf7 32. Re2 Nd6 33. Bh3 d4 34. Nd1 d3 35.
Re5 Nf7 36. Re3 Qd4 37. Nf2 d2 38. Qe2 Rd8 39. Nd1 e5 40. fxe5 Nxe5 41. Kf1 Rf8+ 42.
Kg1 Nf3+ 43. Kf2 Nxh2+ 44. Kg1 Nf3+ 45. Kf2 Qd5 46. Bg2 Nd4+ 0-1

[Event "*** SCC Grand Prix: Titled Tuesday Blitz"]
[Site "Chess.com"]
[Date "2020.09.08"]
[Round "4"]
[White "aloe_normansen"]
[Black "bocah_sakit"]
[Result "0-1"]
[WhiteElo "2350"]
[BlackElo "2658"]
[TimeControl "180+1"]
[EndTime "10:40:15 PDT"]
[Termination "bocah_sakit won by resignation"]

1. e4 c5 2. Nf3 Nc6 3. d4 cxd4 4. Nxd4 g6 5. Nc3 Bg7 6. Be3 Nf6 7. Nxc6 bxc6 8. e5 Nd5 9. Nxd5 cxd5 10. Qxd5 Rb8 11. Bc4 O-O 12. O-O Bb7 13. Qc5 Rc8 14. Qb4 Ba8 15.
Bb3 Bxe5 16. Bh6 Re8 17. Rad1 d6 18. f4 Bf6 19. f5 Qb6+ 20. Qxb6 axb6 21. fxg6 hxg6 22.
Be3 b5 23. Bd4 Bxd4+ 24. Rxd4 Rf8 25. c3 Kg7 26. Re1 Rc7 27. g4 Rh8 28. Rf4 e6 29. Rd4 Rh4 30. Bd1 Bd5 31. a3 Rc4 32. Rxc4 Bxc4 33.
Re3 f5 34. gxf5 gxf5 35. Kg2 Kf6 36. Rg3 e5 37. b3 Bd5+ 38. Kg1 f4 39. Rd3 Ke6 40. Be2 Bxb3 41. Rd2 Bc4 42. Bxc4+ bxc4 43. a4 d5 44. a5 Rh8 45. a6 Ra8 46. Ra2 d4 47.
Kf2 dxc3 48. Ke2 e4 49. a7 f3+ 50. Ke3 Kf5 51. Ra5+ Kg4 52. Kxe4 f2 53. Ra1 Rxa7 54.
Rf1 Re7+ 55. Kd4 Kf3 56. Kxc3 Rc7 57. h4 Ke2 58. Rh1 f1=Q 59. Rxf1 Kxf1 60. h5 Ke2 61. h6 Ke3 0-1

[Event "*** SCC Grand Prix: Titled Tuesday Blitz"]
[Site "Chess.com"]
[Date "2020.09.08"]
[Round "4"]
[White "Shuvalov"]
[Black "ecwinslow"]
[Result "1-0"]
[WhiteElo "2466"]
[BlackElo "2297"]
[TimeControl "180+1"]
[EndTime "10:40:15 PDT"]
[Termination "Shuvalov won on time"]

1. Nf3 g6 2. c4 Bg7 3. d4 d6 4.
e4 Nf6 5. Nc3 O-O 6. Be2 e5 7.
O-O Nc6 8. d5 Ne7 9. Ne1 Nd7 10.
f3 f5 11. g4 Kh8 12. Nd3 Ng8 13. Kh1 Bh6 14. exf5 gxf5 15. f4 e4 16. Nf2 a5 17.
g5 Bg7 18. Be3 b6 19. Bd4 Qe7 20. Nb5 Nc5 21. Qd2 Ba6 22. Nd1 Qf7 23. Ne3 Rac8 24.
b3 Ne7 25. h4 Ng6 26. h5 Nh4 27. h6 Bxd4 28. Qxd4+ Kg8 29. Rg1 Rce8 30. Bh5 Ng6 31. Nxf5 Bxb5 32. cxb5 Nd3 33. Raf1 Qd7 34. Bg4 Ndxf4 35.
Kh2 e3 36. Ng7 Qf7 37. Ne6 Qe7 38. Nxf4 Ne5 39. Be6+ Kh8 40. Nh5 Rxf1 41. Rxf1 Qxg5 42. Rg1 Qxh5+ 43. Bh3 Rf8 44. Qxe3 1-0